Map: Apotheosis LE

Players

Fropez

  • Race: Protoss Protoss
  • League: Gold
  • Spawn Location: 11:00

Eddie - Winner!

  • Race: Protoss Protoss
  • League: Silver
  • Spawn Location: 5:00

VOD

Have the link to the VOD?

Description

Time

  • Played on: Oct. 26, 2016, 5:22 p.m.
  • Length: 8:03
Show
View Real Time Build Order
Export as new Build Order

Fropez Protoss 

Build Orders:  

Get SALT Encoding   

  12  0:01  Probe (Chrono Boost)  
  13  0:14  Pylon  
  13  0:17  Probe (Chrono Boost)  
  14  0:28  Probe (Chrono Boost)  
  15  0:34  Gateway  
  15  0:38  Probe (Chrono Boost)  
  16  0:45  Assimilator  
  16  0:49  Probe (Chrono Boost)  
  17  1:00  Gateway  
  17  1:01  Probe (Chrono Boost)  
  18  1:11  Probe (Chrono Boost)  
  19  1:23  Cybernetics Core  
  20  1:27  Assimilator  
  19  1:49  Nexus  
  19  1:59  Adept  
  21  2:04  Adept  
  23  2:08  Warp Gate (Chrono Boost)  
  23  2:20  Pylon  
  23  2:28  Pylon  
  23  2:39  Mothership Core  
  25  2:52  Stalker  
  27  3:00  Probe  
  28  3:06  Pylon  
  28  3:12  Probe  
  24  3:28  Pylon  
  19  3:57  Gateway  
  19  3:59  Probe  
  19  4:00  Robotics Facility  
  20  4:15  Stalker  
  22  4:26  Pylon  
  22  4:27  Probe  
  22  4:28  Probe  
  24  4:33  Pylon  
  24  4:48  Stalker  
  24  4:52  Stalker  
  28  4:59  Probe  
  26  5:00  Probe  
  28  5:09  Gateway  
  28  5:10  Gateway  
  28  5:13  Stalker  
  30  5:20  Probe  
  30  5:28  Immortal  
  34  5:29  Probe  
  35  5:41  Probe  
  36  5:56  Assimilator  
  36  6:03  Gateway  
  36  6:07  Pylon  
  36  6:18  Stalker  
  36  6:19  Stalker  
  40  6:28  Probe  
  40  6:29  Probe  
  42  6:38  Assimilator  
  42  6:44  Pylon  
  42  6:53  Stalker  
  42  6:54  Stalker  
  46  7:00  Stalker x2  
  40  7:23  Stalker x2  
  40  7:40  Probe  
  40  7:41  Probe  
  40  7:43  Forge  
  36  7:59  Pylon  
Show
View Real Time Build Order
Export as new Build Order

Eddie Protoss - Winner!

Build Orders:  

Get SALT Encoding   

  12  0:03  Probe (Chrono Boost)  
  13  0:14  Probe (Chrono Boost)  
  14  0:31  Pylon  
  14  0:37  Probe (Chrono Boost)  
  15  0:49  Probe (Chrono Boost)  
  16  0:59  Probe (Chrono Boost)  
  17  1:05  Gateway  
  17  1:08  Gateway  
  17  1:10  Probe (Chrono Boost)  
  18  1:12  Assimilator  
  18  1:20  Probe (Chrono Boost)  
  19  1:30  Pylon  
  19  1:41  Forge  
  19  1:47  Pylon  
  19  1:53  Probe (Chrono Boost)  
  20  2:00  Cybernetics Core  
  20  2:03  Probe (Chrono Boost)  
  21  2:10  Assimilator  
  21  2:14  Probe (Chrono Boost)  
  22  2:17  Photon Cannon  
  22  2:23  Photon Cannon  
  22  2:37  Photon Cannon  
  22  2:42  Adept x2  
  26  2:52  Photon Cannon  
  26  3:01  Pylon  
  26  3:23  Photon Cannon  
  24  3:39  Adept x2  
  28  3:58  Warp Gate (Chrono Boost)  
  28  4:05  Protoss Ground Weapons Level 1  
  28  4:38  Gateway x2  
  20  5:45  Nexus  
  20  5:53  Stalker  
  20  5:54  Stalker x2  
  20  5:55  Stalker  
  27  6:06  Photon Cannon  
  25  6:24  Stalker x2  
  25  6:25  Stalker  
  27  6:29  Zealot  
  29  6:39  Photon Cannon  
  25  7:35  Stalker x2  
  25  7:36  Stalker x2  
  31  7:46  Photon Cannon  
  31  7:47  Pylon  
Tags
 
Matchup
PvP
Replay Pack
All Mines
Spawn Locations
Cross Positions
Add a new tag
Caveats
  • Supply blocks, unpowered buildings, or Contaminate may cause inaccurate times.
  • Supply counts are checked every 10 seconds.